Map: Crête de Lerilak

Players

Bananalisk - Winner!

  • Race: Zerg Zerg
  • League: Diamond

Worming

  • Race: Zerg Zerg
  • League: Diamond

VOD

Have the link to the VOD?

Description

Time

  • Played on: Nov. 29, 2015, 4:53 a.m.
  • Length: 3:59
Show
View Real Time Build Order
Export as new Build Order

Bananalisk Zerg - Winner!

Build Orders: Pool First 

Get SALT Encoding   

  12  0:01  Drone  
  13  0:13  Drone  
  14  0:16  Overlord  
  14  0:24  Drone, Extractor  
  15  0:36  Drone x2  
  15  0:39  Extractor  
  16  0:50  Spawning Pool  
  16  0:53  Drone  
  16  1:17  Hatchery  
  15  1:23  Drone  
  16  1:38  Queen  
  18  1:42  Metabolic Boost  
  18  1:45  Zergling x2  
  19  1:48  Zergling x2  
  19  1:53  Zergling x2  
  21  2:03  Drone  
  22  2:09  Overlord  
  22  2:26  Queen  
  22  2:29  Zergling x6  
  27  2:41  Zergling x4  
  29  2:51  Zergling x6  
  32  2:58  Zergling x4  
  34  3:08  Zergling x4  
  34  3:15  Zergling x2  
  34  3:18  Zergling x2  
  35  3:35  Zergling x2  
Show
View Real Time Build Order
Export as new Build Order

Worming Zerg 

Build Orders: Hatch First 

Get SALT Encoding   

  12  0:01  Drone  
  13  0:13  Overlord  
  13  0:17  Drone  
  14  0:31  Drone x2  
  16  0:36  Drone  
  17  0:53  Hatchery  
  17  0:56  Drone  
  17  1:01  Extractor  
  16  1:04  Drone  
  17  1:13  Spawning Pool  
  17  1:16  Drone  
  17  1:27  Drone  
  17  1:30  Drone  
  19  1:44  Overlord  
  19  1:51  Drone  
  20  2:00  Queen  
  22  2:02  Zergling x2  
  22  2:03  Metabolic Boost  
  23  2:12  Drone x2  
  23  2:14  Queen  
  27  2:24  Drone  
  27  2:25  Baneling Nest  
  27  2:28  Drone  
  28  2:31  Drone  
  28  2:34  Drone  
  30  2:40  Zergling x2  
  31  2:49  Zergling x2  
  31  2:50  Zergling x2  
  32  2:52  Spine Crawler  
  30  3:06  Zergling x6  
  30  3:12  Baneling x2  
  32  3:14  Zergling x6  
  32  3:19  Zergling x2  
  34  3:31  Zergling x4  
  35  3:38  Overlord  
Tags
 
Add a new tag
Caveats
  • Supply blocks, unpowered buildings, or Contaminate may cause inaccurate times.
  • Supply counts are checked every 10 seconds.